Boston Bruins vs Detroit Red Wings
Created - Tuesday, May 14, 2024 at 07:29
Goals
|
| Boston Bruins |
0 |
1 |
2 |
3 |
| Detroit Red Wings |
3 |
2 |
2 |
7 |
|
Shots
|
| Boston Bruins |
18 |
15 |
5 |
38 |
| Detroit Red Wings |
10 |
16 |
7 |
33 |
|
1st period
1. Detroit Red Wings , Matthew Boldy 24 (Mika Zibanejad 53) at 13:17
2. Detroit Red Wings , Josh Bailey 12 (Mika Zibanejad 54) at 18:11
3. Detroit Red Wings , Steven Stamkos 33 (Patrick Kane 34) at 19:17 (PP)
Penalties :
Kevin Shattenkirk (DET) for Roughing (Minor) at 15:44, Tyson Barrie (BOS) for Hooking (Minor) at 19:10
2nd period
4. Detroit Red Wings , Jonathan Huberdeau 14 (MacKenzie Weegar 29, Daniel Sprong 28) at 4:35
5. Detroit Red Wings , Jonathan Huberdeau 15 (Daniel Sprong 29, Shayne Gostisbehere 21) at 13:26
6. Boston Bruins , Pavel Zacha 22 (Brandon Hagel 29, Anthony Beauvillier 31) at 19:08
Penalties :
Brandon Hagel (BOS) for Hooking (Minor) at 6:24, Kevin Shattenkirk (DET) for Hooking (Minor) at 19:30
3rd period
7. Boston Bruins , Anthony Beauvillier 26 (Brandon Hagel 30, Charlie McAvoy 26) at 0:14 (PP)
8. Boston Bruins , David Krejci 25 (Luke Kunin 18) at 6:18
9. Detroit Red Wings , Mika Zibanejad 32 (Matthew Boldy 26, MacKenzie Weegar 30) at 12:13 (PP)
10. Detroit Red Wings , Josh Bailey 13 (Alexander Barabanov 17) at 19:25
Penalties :
Carter Verhaeghe (DET) for Hooking (Minor) at 0:19, Luke Kunin (BOS) for Hooking (Minor) at 8:14, Luke Kunin (BOS) for Hooking (Minor) at 11:33
Goalie Stats
Leevi Merilainen (BOS), 26 saves from 33 shots - (0.788), L, 11-21-7, 60:00 minutes
Vitek Vanecek (DET), 35 saves from 38 shots - (0.921), W, 28-18-9, 60:00 minutes
Players Stats for Boston Bruins
Player Name G A P +/- PIM S H SB GA TA FO MP PP MP PK MP
------------------------------------------------------------------------------------
Anthony Beauvillier 1 1 2 1 0 2 0 0 1 2 0/1 20:09 2:23 2:16
Brandon Hagel 0 2 2 1 2 4 1 0 0 0 1/4 19:03 2:19 1:22
Cam York 0 0 0 -2 0 1 0 1 0 0 0/0 22:06 2:40 2:01
Charlie McAvoy 0 1 1 0 0 1 2 1 1 0 0/0 22:47 2:02 2:44
Curtis Hall 0 0 0 1 0 0 0 0 0 0 1/4 11:15 0:50 0:00
David Krejci 1 0 1 -1 0 7 2 3 0 0 13/20 19:44 2:19 2:16
Joe Veleno 0 0 0 0 0 1 0 1 0 0 1/1 7:42 0:00 0:00
Joel Farabee 0 0 0 -1 0 1 1 0 0 0 1/1 11:52 1:14 0:00
John-Jason Peterka 0 0 0 -4 0 3 2 0 0 0 1/1 13:50 0:00 0:57
Luke Kunin 0 1 1 -1 4 3 1 0 1 0 0/0 17:22 2:19 0:00
Matt Grzelcyk 0 0 0 -1 0 2 0 0 0 0 0/0 15:07 0:00 0:00
Morgan Geekie 0 0 0 -3 0 2 1 0 0 0 0/1 12:19 0:00 0:00
Otto Koivula 0 0 0 0 0 0 1 0 0 0 0/0 7:42 0:00 0:00
Pavel Zacha 1 0 1 1 0 5 0 0 2 0 8/25 20:22 2:23 2:23
Ryan Donato 0 0 0 -3 0 3 0 0 1 0 5/14 13:52 0:19 0:16
Samuel Bolduc 0 0 0 -1 0 0 0 0 0 0 0/0 15:14 0:00 0:07
Samuel Girard 0 0 0 -2 0 3 1 1 0 1 0/0 22:06 2:40 2:01
Tyson Barrie 0 0 0 0 2 0 0 0 0 2 0/0 22:39 2:02 2:37
Players Stats for Detroit Red Wings
Player Name G A P +/- PIM S H SB GA TA FO MP PP MP PK MP
------------------------------------------------------------------------------------
Alexander Barabanov 0 1 1 0 0 2 0 0 0 0 0/0 7:33 0:00 0:00
Anthony Cirelli 0 0 0 2 0 3 0 0 0 0 12/17 14:10 0:00 2:27
Arthur Kaliyev 0 0 0 0 0 0 1 1 0 0 0/0 7:17 0:00 0:00
Carter Verhaeghe 0 0 0 1 2 2 0 0 0 0 1/3 16:06 2:19 0:00
Daniel Sprong 0 2 2 2 0 3 0 0 1 0 0/0 14:00 1:53 0:03
Jared McCann 0 0 0 -1 0 3 1 1 0 0 2/5 22:10 2:26 2:27
Jonathan Huberdeau 2 0 2 2 0 4 0 1 0 0 0/3 11:43 0:00 0:00
Josh Bailey 2 0 2 1 0 3 1 1 0 0 0/2 9:57 0:00 2:12
Kevin Shattenkirk 0 0 0 3 4 0 3 0 1 0 0/0 26:06 2:52 1:00
MacKenzie Weegar 0 2 2 2 0 0 1 4 0 0 0/0 27:04 2:52 2:24
Matthew Boldy 1 1 2 1 0 3 0 1 0 0 2/3 16:07 2:19 0:00
Michael Del Zotto 0 0 0 -1 0 0 0 0 0 1 0/0 11:23 0:00 0:00
Mika Zibanejad 1 2 3 2 0 3 1 1 0 0 6/14 18:26 2:19 2:12
Patrick Kane 0 1 1 -1 0 2 0 0 1 1 1/1 19:43 2:26 0:00
Philippe Myers 0 0 0 -1 0 0 0 0 0 0 0/0 12:47 0:00 1:24
Shayne Gostisbehere 0 1 1 2 0 0 2 2 1 1 0/0 21:33 1:53 2:18
Steven Stamkos 1 0 1 -1 0 4 0 0 1 2 17/24 19:46 2:26 0:03
Zach Bogosian 0 0 0 2 0 1 1 1 0 1 0/0 19:24 0:00 2:18
3 Stars
1 - Mika Zibanejad (DET)
2 - Jonathan Huberdeau (DET)
3 - Josh Bailey (DET)
Power Play
Boston Bruins - 1 on 3 Attempt(s) - 33.33%
Detroit Red Wings - 2 on 4 Attempt(s) - 50.00%
Penalty Kill
Boston Bruins - 2 on 4 Attempt(s) - 50.00%
- Score 0 goal in Penalty Kill
Detroit Red Wings - 2 on 3 Attempt(s) - 66.67%
- Score 0 goal in Penalty Kill
Team Stat
Boston Bruins - Hits : 12 - Faceoff Wins : 31 - Blocked Shots : 7 - Penalty Minutes : 8
Detroit Red Wings - Hits : 11 - Faceoff Wins : 41 - Blocked Shots : 13 - Penalty Minutes : 6
Official
Referees : Gord Dwyer and Kevin Pollock
Linesman : Unknown
Game Notes
15:54 of 1st period - Boston Bruins goal is going for a video replay. After video review, No Goal. The puck has been directed, batted or thrown into the net by an attacking player other than with a stick.
Joel Farabee is injured at 19:58 of 2nd period (Bruised Left Shoulder)
Finance
Level 1 -- Attendance: 4603 (76.72%) -- Ticket Income $460,300
Level 2 -- Attendance: 3545 (70.90%) -- Ticket Income $212,700
Level 3 -- Attendance: 2282 (76.07%) -- Ticket Income $79,870
Level 4 -- Attendance: 3243 (64.86%) -- Ticket Income $81,075
Luxury Box -- Attendance: 789 (78.90%) -- Ticket Income $157,800
Game was played at the Joe Louis Arena.
Total Attendance: 14462 (72.31%)
Total Ticket Income: $991,745
Other Income: $347,111
Total Income: $1,338,856
Boston Bruins
5 vs 5 Forward
Center Left Wing Right Wing Time % Phy DF OF
1 Pavel Zacha Brandon Hagel Anthony Beauvillier 30 1 2 2
2 David Krejci Luke Kunin Joel Farabee 30 1 2 2
3 Ryan Donato John-Jason Peterka Morgan Geekie 25 1 2 2
4 Curtis Hall Joe Veleno Otto Koivula 15 1 2 2
5 vs 5 Defense
Defense Defense Time % Phy DF OF
1 Charlie McAvoy Tyson Barrie 35 1 2 2
2 Samuel Girard Cam York 35 1 2 2
3 Matt Grzelcyk Samuel Bolduc 30 1 2 2
4 Charlie McAvoy Tyson Barrie 0 1 2 2
PowerPlay Forward
Center Left Wing Right Wing Time % Phy DF OF
1 Pavel Zacha Brandon Hagel Anthony Beauvillier 50 1 2 2
2 David Krejci Luke Kunin Joel Farabee 50 1 2 2
PowerPlay Defense
Defense Defense Time % Phy DF OF
1 Charlie McAvoy Tyson Barrie 50 1 2 2
2 Samuel Girard Cam York 50 1 2 2
Penalty Kill 4 Players Forward
Center Wing Time % Phy DF OF
1 Brandon Hagel Pavel Zacha 50 1 2 2
2 David Krejci Anthony Beauvillier 50 1 2 2
Penalty Kill 4 Players Defense
Defense Defense Time % Phy DF OF
1 Charlie McAvoy Tyson Barrie 50 1 2 2
2 Samuel Girard Cam York 50 1 2 2
Penalty Kill - 3 Players Forward
Forward Time % Phy DF OF
1 Brandon Hagel 50 1 2 2
2 Pavel Zacha 50 1 2 2
Penalty Kill - 3 Players Defense
Defense Defense Time % Phy DF OF
1 Charlie McAvoy Tyson Barrie 50 1 2 2
2 Samuel Girard Cam York 50 1 2 2
4 vs 4 Forward
Center Wing Time % Phy DF OF
1 Brandon Hagel Pavel Zacha 50 1 2 2
2 David Krejci Anthony Beauvillier 50 1 2 2
4 vs 4 Defense
Defense Defense Time % Phy DF OF
1 Charlie McAvoy Tyson Barrie 50 1 2 2
2 Samuel Girard Cam York 50 1 2 2
Last Minutes Offensive
Center Left Wing Right Wing Defense Defense
Pavel Zacha Brandon Hagel Anthony Beauvillier Charlie McAvoy Tyson Barrie
Last Minutes Defensive
Center Left Wing Right Wing Defense Defense
Pavel Zacha Brandon Hagel Anthony Beauvillier Charlie McAvoy Tyson Barrie
Goaltenders
Starting : Leevi Merilainen
Backup : Pyotr Kochetkov
Extra Forwards
Normal : Curtis Hall, Ryan Donato, John-Jason Peterka - PP : Curtis Hall, Ryan Donato - PK : John-Jason Peterka
Extra Defensemen
Normal : Matt Grzelcyk, Samuel Bolduc, Samuel Girard - PP : Matt Grzelcyk - PK : Samuel Bolduc, Samuel Girard
Penalty Shots
Brandon Hagel, Pavel Zacha, David Krejci, Anthony Beauvillier, Luke Kunin
Detroit Red Wings
5 vs 5 Forward
Center Left Wing Right Wing Time % Phy DF OF
1 Steven Stamkos Jared McCann Patrick Kane 35 0 1 4
2 Mika Zibanejad Carter Verhaeghe Matthew Boldy 30 1 2 2
3 Anthony Cirelli Jonathan Huberdeau Daniel Sprong 25 1 2 2
4 Josh Bailey Alexander Barabanov Arthur Kaliyev 10 1 2 2
5 vs 5 Defense
Defense Defense Time % Phy DF OF
1 Kevin Shattenkirk MacKenzie Weegar 40 1 2 2
2 Zach Bogosian Shayne Gostisbehere 30 1 2 2
3 Michael Del Zotto Philippe Myers 20 3 1 1
4 Kevin Shattenkirk MacKenzie Weegar 10 1 2 2
PowerPlay Forward
Center Left Wing Right Wing Time % Phy DF OF
1 Steven Stamkos Jared McCann Patrick Kane 50 0 1 4
2 Mika Zibanejad Carter Verhaeghe Matthew Boldy 50 0 1 4
PowerPlay Defense
Defense Defense Time % Phy DF OF
1 Kevin Shattenkirk MacKenzie Weegar 50 1 2 2
2 Shayne Gostisbehere Daniel Sprong 50 1 2 2
Penalty Kill 4 Players Forward
Center Wing Time % Phy DF OF
1 Anthony Cirelli Jared McCann 50 2 2 1
2 Mika Zibanejad Josh Bailey 50 2 2 1
Penalty Kill 4 Players Defense
Defense Defense Time % Phy DF OF
1 Kevin Shattenkirk MacKenzie Weegar 50 2 2 1
2 Zach Bogosian Shayne Gostisbehere 50 2 2 1
Penalty Kill - 3 Players Forward
Forward Time % Phy DF OF
1 Mika Zibanejad 50 1 2 2
2 Anthony Cirelli 50 1 2 2
Penalty Kill - 3 Players Defense
Defense Defense Time % Phy DF OF
1 Kevin Shattenkirk MacKenzie Weegar 50 1 2 2
2 Zach Bogosian Shayne Gostisbehere 50 2 2 1
4 vs 4 Forward
Center Wing Time % Phy DF OF
1 Mika Zibanejad Carter Verhaeghe 60 1 2 2
2 Steven Stamkos Matthew Boldy 40 1 1 3
4 vs 4 Defense
Defense Defense Time % Phy DF OF
1 Kevin Shattenkirk MacKenzie Weegar 60 1 2 2
2 Zach Bogosian Shayne Gostisbehere 40 1 2 2
Last Minutes Offensive
Center Left Wing Right Wing Defense Defense
Mika Zibanejad Carter Verhaeghe Matthew Boldy Kevin Shattenkirk MacKenzie Weegar
Last Minutes Defensive
Center Left Wing Right Wing Defense Defense
Mika Zibanejad Carter Verhaeghe Matthew Boldy Kevin Shattenkirk MacKenzie Weegar
Goaltenders
Starting : Vitek Vanecek
Backup : Laurent Brossoit
Extra Forwards
Normal : Josh Bailey, Daniel Sprong, Arthur Kaliyev - PP : Josh Bailey, Arthur Kaliyev - PK : Jared McCann
Extra Defensemen
Normal : Philippe Myers, Zach Bogosian, Shayne Gostisbehere - PP : Kevin Shattenkirk - PK : Philippe Myers, Zach Bogosian
Penalty Shots
Mika Zibanejad, Jonathan Huberdeau, Matthew Boldy, Carter Verhaeghe, Jared McCann
% Time on Ice - Boston Bruins
Lines # - Real PCT - Wanted PCT - Time Play
Normal Forward
1 - 30% - 30% - 15:18
2 - 30% - 30% - 15:14
3 - 24% - 25% - 12:19
4 - 15% - 15% - 7:42
Normal Defense
1 - 34% - 35% - 17:19
2 - 34% - 35% - 17:25
3 - 30% - 30% - 15:07
4 - 1% - 0% - 0:42
PP Forward
1 - 49% - 50% - 2:19
2 - 51% - 50% - 2:23
PP Defense
1 - 43% - 50% - 2:02
2 - 57% - 50% - 2:40
PK Forward
1 - 50% - 50% - 2:23
2 - 50% - 50% - 2:22
PK Defense
1 - 58% - 50% - 2:44
2 - 42% - 50% - 2:01
PK3 Forward
1 - 0% - 50%
2 - 0% - 50%
PK3 Defense
1 - 0% - 50%
2 - 0% - 50%
44 Forward
1 - 0% - 50%
2 - 0% - 50%
44 Defense
1 - 0% - 50%
2 - 0% - 50%
Last Minute Offensive - 0:00
Last Minute Defensive - 0:00
Total
Forward - 60:00
Defense - 60:00
|
% Time on Ice - Detroit Red Wings
Lines # - Real PCT - Wanted PCT - Time Play
Normal Forward
1 - 34% - 35% - 17:17
2 - 28% - 30% - 14:16
3 - 23% - 25% - 11:43
4 - 14% - 10% - 7:17
Normal Defense
1 - 39% - 40% - 19:51
2 - 34% - 30% - 17:22
3 - 23% - 20% - 11:23
4 - 4% - 10% - 1:57
PP Forward
1 - 51% - 50% - 2:26
2 - 49% - 50% - 2:19
PP Defense
1 - 60% - 50% - 2:52
2 - 40% - 50% - 1:53
PK Forward
1 - 52% - 50% - 2:27
2 - 48% - 50% - 2:15
PK Defense
1 - 51% - 50% - 2:24
2 - 49% - 50% - 2:18
PK3 Forward
1 - 0% - 50%
2 - 0% - 50%
PK3 Defense
1 - 0% - 50%
2 - 0% - 50%
44 Forward
1 - 0% - 60%
2 - 0% - 40%
44 Defense
1 - 0% - 60%
2 - 0% - 40%
Last Minute Offensive - 0:00
Last Minute Defensive - 0:00
Total
Forward - 60:00
Defense - 60:00
|
Play-by-Play
1st period
0:01 of 1st period - Steven Stamkos wins face-off versus Pavel Zacha in neutral zone.
0:35 of 1st period - Snap shot by David Krejci.
0:35 of 1st period - Stopped by Vitek Vanecek with a rebound.
1:40 of 1st period - Wrist shot by Pavel Zacha.
1:40 of 1st period - Shot Misses the Net.
1:42 of 1st period - Slapshot by Anthony Beauvillier.
1:42 of 1st period - Shot Misses the Net.
1:44 of 1st period - Snap shot by Brandon Hagel.
1:44 of 1st period - Stopped by Vitek Vanecek with a rebound.
1:55 of 1st period - Off-side.
1:56 of 1st period - David Krejci wins face-off versus Mika Zibanejad in neutral zone.
2:01 of 1st period - Snap shot by David Krejci.
2:01 of 1st period - Stopped by Vitek Vanecek with a rebound.
2:09 of 1st period - Wrist shot by Matthew Boldy.
2:09 of 1st period - Stopped by Leevi Merilainen with a rebound.
2:11 of 1st period - Snap shot by Mika Zibanejad.
2:11 of 1st period - Shot Misses the Net.
2:50 of 1st period - Wrist shot by Jared McCann.
2:50 of 1st period - Stopped by Leevi Merilainen without a rebound.
2:51 of 1st period - Steven Stamkos wins face-off versus Pavel Zacha in Boston Bruins zone.
2:54 of 1st period - Wrist shot by Patrick Kane.
2:54 of 1st period - Stopped by Leevi Merilainen with a rebound.
3:22 of 1st period - Snap shot by Anthony Beauvillier.
3:22 of 1st period - Shot Blocked by Zach Bogosian.
3:24 of 1st period - Snap shot by Pavel Zacha.
3:24 of 1st period - Stopped by Vitek Vanecek without a rebound.
3:25 of 1st period - Curtis Hall wins face-off versus Mika Zibanejad in Detroit Red Wings zone.
3:36 of 1st period - Slapshot by Samuel Girard.
3:36 of 1st period - Deflect By Otto Koivula.
3:36 of 1st period - Shot Misses the Net.
3:36 of 1st period - Puck is out of play.
3:37 of 1st period - Anthony Cirelli wins face-off versus Ryan Donato in Detroit Red Wings zone.
4:02 of 1st period - Kevin Shattenkirk is hit by Luke Kunin and loses puck.
4:11 of 1st period - Snap shot by Matthew Boldy.
4:11 of 1st period - Shot Misses the Net.
4:13 of 1st period - Snap shot by Mika Zibanejad.
4:13 of 1st period - Shot Misses the Net.
5:45 of 1st period - Slapshot by Joe Veleno.
5:45 of 1st period - Shot Blocked by Arthur Kaliyev.
5:47 of 1st period - Snap shot by Joe Veleno.
5:47 of 1st period - Shot Blocked by Josh Bailey.
6:05 of 1st period - Wrist shot by Brandon Hagel.
6:05 of 1st period - Shot Misses the Net.
6:27 of 1st period - Alexander Barabanov is hit by Morgan Geekie and loses puck.
6:50 of 1st period - Zach Bogosian is hit by David Krejci and loses puck.
7:11 of 1st period - Backhand shot by Samuel Girard.
7:11 of 1st period - Shot Misses the Net.
7:13 of 1st period - Backhand shot by Cam York.
7:13 of 1st period - Stopped by Vitek Vanecek without a rebound.
7:14 of 1st period - Anthony Cirelli wins face-off versus Pavel Zacha in Detroit Red Wings zone.
7:23 of 1st period - Slapshot by Daniel Sprong.
7:23 of 1st period - Stopped by Leevi Merilainen with a rebound.
7:52 of 1st period - Wrist shot by Luke Kunin.
7:52 of 1st period - Shot Misses the Net.
8:06 of 1st period - Slapshot by Ryan Donato.
8:06 of 1st period - Deflect By John-Jason Peterka.
8:06 of 1st period - Shot Blocked by Matthew Boldy.
8:06 of 1st period - Puck is out of play.
8:07 of 1st period - Ryan Donato wins face-off versus Matthew Boldy in Detroit Red Wings zone.
8:20 of 1st period - Wrist shot by Ryan Donato.
8:20 of 1st period - Shot Misses the Net.
8:27 of 1st period - Off-side.
8:28 of 1st period - Anthony Cirelli wins face-off versus David Krejci in neutral zone.
9:04 of 1st period - Snap shot by Pavel Zacha.
9:04 of 1st period - Stopped by Vitek Vanecek with a rebound.
9:48 of 1st period - Wrist shot by Josh Bailey.
9:48 of 1st period - Shot Misses the Net.
10:28 of 1st period - Slapshot by Jared McCann.
10:28 of 1st period - Shot Misses the Net.
10:44 of 1st period - Snap shot by John-Jason Peterka.
10:44 of 1st period - Shot Misses the Net.
10:46 of 1st period - Wrist shot by Ryan Donato.
10:46 of 1st period - Stopped by Vitek Vanecek without a rebound.
10:47 of 1st period - Mika Zibanejad wins face-off versus Ryan Donato in Detroit Red Wings zone.
10:55 of 1st period - Icing by Matt Grzelcyk.
10:56 of 1st period - Mika Zibanejad wins face-off versus Morgan Geekie in Boston Bruins zone.
10:57 of 1st period - Slapshot by Carter Verhaeghe.
10:57 of 1st period - Shot Misses the Net.
11:00 of 1st period - Icing by John-Jason Peterka.
11:01 of 1st period - Steven Stamkos wins face-off versus Ryan Donato in Boston Bruins zone.
11:02 of 1st period - Snap shot by Patrick Kane.
11:02 of 1st period - Shot Misses the Net.
11:14 of 1st period - Snap shot by John-Jason Peterka.
11:14 of 1st period - Stopped by Vitek Vanecek with a rebound.
11:16 of 1st period - Snap shot by Morgan Geekie.
11:16 of 1st period - Shot Misses the Net.
11:18 of 1st period - Slapshot by Matt Grzelcyk.
11:18 of 1st period - Stopped by Vitek Vanecek without a rebound.
11:19 of 1st period - David Krejci wins face-off versus Jonathan Huberdeau in Detroit Red Wings zone.
11:24 of 1st period - Wrist shot by David Krejci.
11:24 of 1st period - Shot Blocked by MacKenzie Weegar.
11:26 of 1st period - Snap shot by David Krejci.
11:26 of 1st period - Stopped by Vitek Vanecek without a rebound.
11:27 of 1st period - David Krejci wins face-off versus Anthony Cirelli in Detroit Red Wings zone.
11:30 of 1st period - Snap shot by David Krejci.
11:30 of 1st period - Deflect By Joel Farabee.
11:30 of 1st period - Stopped by Vitek Vanecek with a rebound.
12:12 of 1st period - Snap shot by Ryan Donato.
12:12 of 1st period - Stopped by Vitek Vanecek with a rebound.
12:14 of 1st period - Wrist shot by Ryan Donato.
12:14 of 1st period - Stopped by Vitek Vanecek without a rebound.
12:15 of 1st period - Ryan Donato wins face-off versus Carter Verhaeghe in Detroit Red Wings zone.
12:28 of 1st period - Wrist shot by John-Jason Peterka.
12:28 of 1st period - Stopped by Vitek Vanecek with a rebound.
12:30 of 1st period - Snap shot by Ryan Donato.
12:30 of 1st period - Shot Hit the Post.
13:07 of 1st period - Wrist shot by Daniel Sprong.
13:07 of 1st period - Stopped by Leevi Merilainen with a rebound.
13:09 of 1st period - Snap shot by Anthony Cirelli.
13:09 of 1st period - Stopped by Leevi Merilainen without a rebound.
13:10 of 1st period - Matthew Boldy wins face-off versus David Krejci in Boston Bruins zone.
13:17 of 1st period - Snap shot by Matthew Boldy.
13:17 of 1st period - Goal by Matthew Boldy - Boston Bruins : 0 - Detroit Red Wings : 1.
13:18 of 1st period - Joel Farabee wins face-off versus Steven Stamkos in neutral zone.
13:48 of 1st period - Slapshot by Pavel Zacha.
13:48 of 1st period - Stopped by Vitek Vanecek with a rebound.
13:50 of 1st period - Slapshot by Charlie McAvoy.
13:50 of 1st period - Shot Misses the Net.
15:09 of 1st period - Off-side.
15:10 of 1st period - David Krejci wins face-off versus Steven Stamkos in neutral zone.
15:18 of 1st period - Backhand shot by David Krejci.
15:18 of 1st period - Shot Blocked by Jared McCann.
15:20 of 1st period - Slapshot by Luke Kunin.
15:20 of 1st period - Shot Misses the Net.
15:22 of 1st period - Slapshot by Samuel Girard.
15:22 of 1st period - Stopped by Vitek Vanecek without a rebound.
15:23 of 1st period - Pavel Zacha wins face-off versus Steven Stamkos in Detroit Red Wings zone.
15:44 of 1st period - Minor Penalty to Kevin Shattenkirk for Roughing.
15:45 of 1st period - Pavel Zacha wins face-off versus Anthony Cirelli in Detroit Red Wings zone.
15:48 of 1st period - Snap shot by Anthony Beauvillier.
15:48 of 1st period - Shot Misses the Net.
15:50 of 1st period - Wrist shot by Brandon Hagel.
15:50 of 1st period - Shot Blocked by MacKenzie Weegar.
15:54 of 1st period - Snap shot by Pavel Zacha.
15:54 of 1st period - Boston Bruins goal is going for a video replay.
15:54 of 1st period - The goal is refused. The puck has been directed, batted or thrown into the net by an attacking player other than with a stick..
15:55 of 1st period - Anthony Cirelli wins face-off versus Brandon Hagel in Detroit Red Wings zone.
15:55 of 1st period - Anthony Cirelli is hit by Brandon Hagel.
16:11 of 1st period - Wrist shot by Mika Zibanejad.
16:11 of 1st period - Stopped by Leevi Merilainen without a rebound.
16:12 of 1st period - David Krejci wins face-off versus Mika Zibanejad in Boston Bruins zone.
17:44 of 1st period - Penalty to Kevin Shattenkirk is over, Kevin Shattenkirk is back on ice.
18:06 of 1st period - Matt Grzelcyk is hit by Mika Zibanejad and loses puck.
18:11 of 1st period - Snap shot by Josh Bailey.
18:11 of 1st period - Goal by Josh Bailey - Boston Bruins : 0 - Detroit Red Wings : 2.
18:12 of 1st period - Anthony Cirelli wins face-off versus David Krejci in neutral zone.
18:28 of 1st period - Snap shot by David Krejci.
18:28 of 1st period - Stopped by Vitek Vanecek without a rebound.
18:29 of 1st period - Steven Stamkos wins face-off versus Pavel Zacha in Detroit Red Wings zone.
19:10 of 1st period - Minor Penalty to Tyson Barrie for Hooking.
19:11 of 1st period - Brandon Hagel wins face-off versus Steven Stamkos in Boston Bruins zone.
19:17 of 1st period - Snap shot by Steven Stamkos.
19:17 of 1st period - Goal by Steven Stamkos - Boston Bruins : 0 - Detroit Red Wings : 3.
19:18 of 1st period - Pavel Zacha wins face-off versus Steven Stamkos in neutral zone.
Goals for this period are 0 for Boston Bruins vs 3 for Detroit Red Wings.
Shots for this period are 18 for Boston Bruins vs 10 for Detroit Red Wings.
2nd period
0:01 of 2nd period - Jared McCann wins face-off versus Pavel Zacha in neutral zone.
0:04 of 2nd period - Anthony Beauvillier is hit by Jared McCann and loses puck.
0:09 of 2nd period - Snap shot by Patrick Kane.
0:09 of 2nd period - Deflect By Steven Stamkos.
0:09 of 2nd period - Shot Hit the Post.
0:09 of 2nd period - Puck is out of play.
0:10 of 2nd period - Steven Stamkos wins face-off versus Pavel Zacha in Boston Bruins zone.
0:59 of 2nd period - Slapshot by Anthony Beauvillier.
0:59 of 2nd period - Deflect By Brandon Hagel.
0:59 of 2nd period - Shot Misses the Net.
0:59 of 2nd period - Puck is out of play.
1:00 of 2nd period - Anthony Cirelli wins face-off versus Curtis Hall in Detroit Red Wings zone.
1:00 of 2nd period - Anthony Cirelli is hit by Otto Koivula.
1:03 of 2nd period - Icing by Daniel Sprong.
1:04 of 2nd period - Anthony Cirelli wins face-off versus Curtis Hall in Detroit Red Wings zone.
1:26 of 2nd period - Icing by Daniel Sprong.
1:27 of 2nd period - David Krejci wins face-off versus Carter Verhaeghe in Detroit Red Wings zone.
1:40 of 2nd period - Snap shot by Joel Farabee.
1:40 of 2nd period - Shot Blocked by Mika Zibanejad.
2:32 of 2nd period - Wrist shot by David Krejci.
2:32 of 2nd period - Shot Blocked by Shayne Gostisbehere.
3:01 of 2nd period - Slapshot by Joel Farabee.
3:01 of 2nd period - Shot Hit the Post.
3:24 of 2nd period - Snap shot by Luke Kunin.
3:24 of 2nd period - Shot Blocked by Shayne Gostisbehere.
4:00 of 2nd period - Joel Farabee is hit by Shayne Gostisbehere and loses puck.
4:13 of 2nd period - Slapshot by Mika Zibanejad.
4:13 of 2nd period - Shot Misses the Net.
4:15 of 2nd period - Slapshot by Shayne Gostisbehere.
4:15 of 2nd period - Shot Misses the Net.
4:17 of 2nd period - Wrist shot by Carter Verhaeghe.
4:17 of 2nd period - Stopped by Leevi Merilainen without a rebound.
4:18 of 2nd period - Anthony Cirelli wins face-off versus Ryan Donato in Boston Bruins zone.
4:19 of 2nd period - Slapshot by Jonathan Huberdeau.
4:19 of 2nd period - Stopped by Leevi Merilainen with a rebound.
4:21 of 2nd period - Snap shot by Anthony Cirelli.
4:21 of 2nd period - Shot Misses the Net.
4:23 of 2nd period - Slapshot by MacKenzie Weegar.
4:23 of 2nd period - Deflect By Daniel Sprong.
4:23 of 2nd period - Shot Misses the Net.
4:23 of 2nd period - Puck is out of play.
4:24 of 2nd period - Anthony Cirelli wins face-off versus Ryan Donato in Boston Bruins zone.
4:27 of 2nd period - Wrist shot by Jonathan Huberdeau.
4:27 of 2nd period - Stopped by Leevi Merilainen with a rebound.
4:31 of 2nd period - Wrist shot by Anthony Cirelli.
4:31 of 2nd period - Stopped by Leevi Merilainen with a rebound.
4:33 of 2nd period - Wrist shot by Daniel Sprong.
4:33 of 2nd period - Shot Misses the Net.
4:35 of 2nd period - Slapshot by MacKenzie Weegar.
4:35 of 2nd period - Deflect By Jonathan Huberdeau.
4:35 of 2nd period - Goal by Jonathan Huberdeau - Boston Bruins : 0 - Detroit Red Wings : 4.
4:36 of 2nd period - Steven Stamkos wins face-off versus Pavel Zacha in neutral zone.
4:43 of 2nd period - Slapshot by Patrick Kane.
4:43 of 2nd period - Shot Misses the Net.
5:11 of 2nd period - Wrist shot by Tyson Barrie.
5:11 of 2nd period - Shot Blocked by Jonathan Huberdeau.
5:27 of 2nd period - Wrist shot by Joe Veleno.
5:27 of 2nd period - Stopped by Vitek Vanecek with a rebound.
5:29 of 2nd period - Slapshot by Morgan Geekie.
5:29 of 2nd period - Stopped by Vitek Vanecek without a rebound.
5:30 of 2nd period - Steven Stamkos wins face-off versus Ryan Donato in Detroit Red Wings zone.
5:41 of 2nd period - Wrist shot by Patrick Kane.
5:41 of 2nd period - Deflect By Steven Stamkos.
5:41 of 2nd period - Stopped by Leevi Merilainen with a rebound.
5:43 of 2nd period - Wrist shot by Jared McCann.
5:43 of 2nd period - Stopped by Leevi Merilainen with a rebound.
5:47 of 2nd period - Wrist shot by Steven Stamkos.
5:47 of 2nd period - Stopped by Leevi Merilainen without a rebound.
5:48 of 2nd period - Pavel Zacha wins face-off versus Jonathan Huberdeau in Boston Bruins zone.
5:56 of 2nd period - Slapshot by Cam York.
5:56 of 2nd period - Shot Blocked by MacKenzie Weegar.
5:58 of 2nd period - Snap shot by Brandon Hagel.
5:58 of 2nd period - Shot Misses the Net.
6:00 of 2nd period - Wrist shot by Brandon Hagel.
6:00 of 2nd period - Stopped by Vitek Vanecek without a rebound.
6:01 of 2nd period - Steven Stamkos wins face-off versus Pavel Zacha in Detroit Red Wings zone.
6:01 of 2nd period - Steven Stamkos is hit by Samuel Girard.
6:24 of 2nd period - Minor Penalty to Brandon Hagel for Hooking.
6:25 of 2nd period - David Krejci wins face-off versus Mika Zibanejad in Boston Bruins zone.
6:25 of 2nd period - David Krejci is hit by Kevin Shattenkirk.
6:37 of 2nd period - Slapshot by Samuel Girard.
6:37 of 2nd period - Stopped by Vitek Vanecek without a rebound.
6:38 of 2nd period - Steven Stamkos wins face-off versus David Krejci in Detroit Red Wings zone.
7:12 of 2nd period - Snap shot by Mika Zibanejad.
7:12 of 2nd period - Deflect By Matthew Boldy.
7:12 of 2nd period - Shot Hit the Post.
7:12 of 2nd period - Puck is out of play.
7:13 of 2nd period - John-Jason Peterka wins face-off versus Mika Zibanejad in Boston Bruins zone.
7:42 of 2nd period - Wrist shot by Steven Stamkos.
7:42 of 2nd period - Shot Blocked by David Krejci.
8:24 of 2nd period - Penalty to Brandon Hagel is over, Brandon Hagel is back on ice.
8:35 of 2nd period - Off-side.
8:36 of 2nd period - Joe Veleno wins face-off versus Josh Bailey in neutral zone.
8:47 of 2nd period - Snap shot by Samuel Girard.
8:47 of 2nd period - Stopped by Vitek Vanecek with a rebound.
8:57 of 2nd period - Snap shot by Alexander Barabanov.
8:57 of 2nd period - Shot Blocked by Samuel Girard.
9:08 of 2nd period - Off-side.
9:09 of 2nd period - Steven Stamkos wins face-off versus Anthony Beauvillier in neutral zone.
10:07 of 2nd period - Snap shot by Carter Verhaeghe.
10:07 of 2nd period - Stopped by Leevi Merilainen with a rebound.
10:25 of 2nd period - Luke Kunin is hit by Arthur Kaliyev and loses puck.
10:55 of 2nd period - Off-side.
10:56 of 2nd period - Ryan Donato wins face-off versus Anthony Cirelli in neutral zone.
11:03 of 2nd period - Slapshot by John-Jason Peterka.
11:03 of 2nd period - Stopped by Vitek Vanecek without a rebound.
11:04 of 2nd period - Pavel Zacha wins face-off versus Jared McCann in Detroit Red Wings zone.
11:13 of 2nd period - Wrist shot by Anthony Beauvillier.
11:13 of 2nd period - Stopped by Vitek Vanecek with a rebound.
11:15 of 2nd period - Snap shot by Brandon Hagel.
11:15 of 2nd period - Stopped by Vitek Vanecek with a rebound.
11:17 of 2nd period - Wrist shot by Brandon Hagel.
11:17 of 2nd period - Stopped by Vitek Vanecek with a rebound.
12:13 of 2nd period - Snap shot by Alexander Barabanov.
12:13 of 2nd period - Stopped by Leevi Merilainen with a rebound.
12:15 of 2nd period - Wrist shot by Josh Bailey.
12:15 of 2nd period - Shot Misses the Net.
12:17 of 2nd period - Snap shot by Alexander Barabanov.
12:17 of 2nd period - Shot Misses the Net.
12:19 of 2nd period - Snap shot by Josh Bailey.
12:19 of 2nd period - Shot Misses the Net.
12:32 of 2nd period - Icing by Cam York.
12:33 of 2nd period - Steven Stamkos wins face-off versus Pavel Zacha in Boston Bruins zone.
12:36 of 2nd period - Wrist shot by Patrick Kane.
12:36 of 2nd period - Shot Misses the Net.
13:26 of 2nd period - Snap shot by Jonathan Huberdeau.
13:26 of 2nd period - Goal by Jonathan Huberdeau - Boston Bruins : 0 - Detroit Red Wings : 5.
13:27 of 2nd period - Anthony Cirelli wins face-off versus Pavel Zacha in neutral zone.
13:54 of 2nd period - Icing by Tyson Barrie.
13:55 of 2nd period - Mika Zibanejad wins face-off versus Ryan Donato in Boston Bruins zone.
14:40 of 2nd period - MacKenzie Weegar is hit by Charlie McAvoy and loses puck.
15:10 of 2nd period - Icing by Cam York.
15:11 of 2nd period - Steven Stamkos wins face-off versus David Krejci in Boston Bruins zone.
15:12 of 2nd period - Snap shot by Patrick Kane.
15:12 of 2nd period - Shot Blocked by David Krejci.
16:08 of 2nd period - Slapshot by Daniel Sprong.
16:08 of 2nd period - Deflect By Anthony Cirelli.
16:08 of 2nd period - Stopped by Leevi Merilainen with a rebound.
16:34 of 2nd period - Slapshot by Patrick Kane.
16:34 of 2nd period - Shot Blocked by Charlie McAvoy.
16:36 of 2nd period - Snap shot by Jared McCann.
16:36 of 2nd period - Stopped by Leevi Merilainen with a rebound.
16:48 of 2nd period - Arthur Kaliyev is hit by Joel Farabee and loses puck.
16:53 of 2nd period - Wrist shot by Luke Kunin.
16:53 of 2nd period - Shot Blocked by MacKenzie Weegar.
16:57 of 2nd period - Slapshot by David Krejci.
16:57 of 2nd period - Stopped by Vitek Vanecek without a rebound.
16:58 of 2nd period - Steven Stamkos wins face-off versus Pavel Zacha in Detroit Red Wings zone.
17:29 of 2nd period - Slapshot by Daniel Sprong.
17:29 of 2nd period - Shot Blocked by David Krejci.
17:31 of 2nd period - Slapshot by Jonathan Huberdeau.
17:31 of 2nd period - Shot Misses the Net.
17:33 of 2nd period - Snap shot by Daniel Sprong.
17:33 of 2nd period - Stopped by Leevi Merilainen with a rebound.
18:09 of 2nd period - Slapshot by Alexander Barabanov.
18:09 of 2nd period - Stopped by Leevi Merilainen with a rebound.
18:11 of 2nd period - Snap shot by Kevin Shattenkirk.
18:11 of 2nd period - Shot Blocked by Joe Veleno.
18:15 of 2nd period - Wrist shot by Josh Bailey.
18:15 of 2nd period - Stopped by Leevi Merilainen without a rebound.
18:16 of 2nd period - Pavel Zacha wins face-off versus Steven Stamkos in Boston Bruins zone.
18:25 of 2nd period - Slapshot by Tyson Barrie.
18:25 of 2nd period - Shot Misses the Net.
18:27 of 2nd period - Wrist shot by Anthony Beauvillier.
18:27 of 2nd period - Deflect By Brandon Hagel.
18:27 of 2nd period - Shot Misses the Net.
18:27 of 2nd period - Puck is out of play.
18:28 of 2nd period - Steven Stamkos wins face-off versus Pavel Zacha in Detroit Red Wings zone.
18:34 of 2nd period - Off-side.
18:35 of 2nd period - Steven Stamkos wins face-off versus Pavel Zacha in neutral zone.
18:49 of 2nd period - Jared McCann is hit by Charlie McAvoy and loses puck.
19:08 of 2nd period - Backhand shot by Pavel Zacha.
19:08 of 2nd period - Goal by Pavel Zacha - Boston Bruins : 1 - Detroit Red Wings : 5.
19:09 of 2nd period - David Krejci wins face-off versus Anthony Cirelli in neutral zone.
19:16 of 2nd period - Slapshot by Joel Farabee.
19:16 of 2nd period - Shot Misses the Net.
19:18 of 2nd period - Snap shot by Luke Kunin.
19:18 of 2nd period - Stopped by Vitek Vanecek without a rebound.
19:19 of 2nd period - David Krejci wins face-off versus Jonathan Huberdeau in Detroit Red Wings zone.
19:22 of 2nd period - Wrist shot by David Krejci.
19:22 of 2nd period - Stopped by Vitek Vanecek with a rebound.
19:24 of 2nd period - Wrist shot by Luke Kunin.
19:24 of 2nd period - Stopped by Vitek Vanecek with a rebound.
19:26 of 2nd period - Slapshot by Matt Grzelcyk.
19:26 of 2nd period - Stopped by Vitek Vanecek without a rebound.
19:27 of 2nd period - Mika Zibanejad wins face-off versus Ryan Donato in Detroit Red Wings zone.
19:27 of 2nd period - Mika Zibanejad is hit by John-Jason Peterka.
19:30 of 2nd period - Minor Penalty to Kevin Shattenkirk for Hooking.
19:31 of 2nd period - Mika Zibanejad wins face-off versus David Krejci in Detroit Red Wings zone.
19:45 of 2nd period - Shayne Gostisbehere is hit by David Krejci.
19:57 of 2nd period - Joel Farabee is hit by Zach Bogosian and loses puck.
19:58 of 2nd period - Joel Farabee from Boston Bruins is injured at 19:58 of 2nd period (Bruised Left Shoulder).
19:59 of 2nd period - Pavel Zacha wins face-off versus Jared McCann in Boston Bruins zone.
Goals for this period are 1 for Boston Bruins vs 2 for Detroit Red Wings.
Shots for this period are 15 for Boston Bruins vs 16 for Detroit Red Wings.
3rd period
0:01 of 3rd period - Pavel Zacha wins face-off versus Jared McCann in neutral zone.
0:14 of 3rd period - Snap shot by Anthony Beauvillier.
0:14 of 3rd period - Goal by Anthony Beauvillier - Boston Bruins : 2 - Detroit Red Wings : 5.
0:15 of 3rd period - Ryan Donato wins face-off versus Mika Zibanejad in neutral zone.
0:19 of 3rd period - Minor Penalty to Carter Verhaeghe for Hooking.
0:20 of 3rd period - David Krejci wins face-off versus Mika Zibanejad in Detroit Red Wings zone.
2:19 of 3rd period - Penalty to Carter Verhaeghe is over, Carter Verhaeghe is back on ice.
4:08 of 3rd period - Slapshot by Mika Zibanejad.
4:08 of 3rd period - Stopped by Leevi Merilainen with a rebound.
5:03 of 3rd period - Icing by Kevin Shattenkirk.
5:04 of 3rd period - Ryan Donato wins face-off versus Anthony Cirelli in Detroit Red Wings zone.
5:56 of 3rd period - Snap shot by Morgan Geekie.
5:56 of 3rd period - Stopped by Vitek Vanecek with a rebound.
6:07 of 3rd period - Off-side.
6:08 of 3rd period - David Krejci wins face-off versus Josh Bailey in neutral zone.
6:18 of 3rd period - Snap shot by David Krejci.
6:18 of 3rd period - Goal by David Krejci - Boston Bruins : 3 - Detroit Red Wings : 5.
6:19 of 3rd period - Jared McCann wins face-off versus Pavel Zacha in neutral zone.
8:14 of 3rd period - Minor Penalty to Luke Kunin for Hooking.
8:15 of 3rd period - Mika Zibanejad wins face-off versus David Krejci in Boston Bruins zone.
10:14 of 3rd period - Penalty to Luke Kunin is over, Luke Kunin is back on ice.
10:26 of 3rd period - Curtis Hall is hit by Josh Bailey and loses puck.
11:22 of 3rd period - Arthur Kaliyev is hit by John-Jason Peterka and loses puck.
11:33 of 3rd period - Minor Penalty to Luke Kunin for Hooking.
11:34 of 3rd period - Steven Stamkos wins face-off versus Brandon Hagel in Boston Bruins zone.
12:13 of 3rd period - Slapshot by Mika Zibanejad.
12:13 of 3rd period - Goal by Mika Zibanejad - Boston Bruins : 3 - Detroit Red Wings : 6.
12:14 of 3rd period - Patrick Kane wins face-off versus Brandon Hagel in neutral zone.
12:25 of 3rd period - Slapshot by Charlie McAvoy.
12:25 of 3rd period - Stopped by Vitek Vanecek with a rebound.
12:41 of 3rd period - Tyson Barrie is hit by MacKenzie Weegar and loses puck.
12:48 of 3rd period - Snap shot by Carter Verhaeghe.
12:48 of 3rd period - Deflect By Matthew Boldy.
12:48 of 3rd period - Stopped by Leevi Merilainen without a rebound.
12:49 of 3rd period - Anthony Cirelli wins face-off versus Pavel Zacha in Boston Bruins zone.
13:02 of 3rd period - Wrist shot by Anthony Beauvillier.
13:02 of 3rd period - Shot Misses the Net.
13:14 of 3rd period - Wrist shot by Patrick Kane.
13:14 of 3rd period - Stopped by Leevi Merilainen with a rebound.
13:16 of 3rd period - Wrist shot by Steven Stamkos.
13:16 of 3rd period - Shot Blocked by Cam York.
13:18 of 3rd period - Slapshot by Zach Bogosian.
13:18 of 3rd period - Stopped by Leevi Merilainen without a rebound.
13:19 of 3rd period - David Krejci wins face-off versus Steven Stamkos in Boston Bruins zone.
13:24 of 3rd period - Slapshot by Luke Kunin.
13:24 of 3rd period - Stopped by Vitek Vanecek with a rebound.
14:05 of 3rd period - Snap shot by Patrick Kane.
14:05 of 3rd period - Deflect By Steven Stamkos.
14:05 of 3rd period - Stopped by Leevi Merilainen without a rebound.
14:06 of 3rd period - Carter Verhaeghe wins face-off versus Pavel Zacha in Boston Bruins zone.
14:32 of 3rd period - Off-side.
14:33 of 3rd period - Anthony Cirelli wins face-off versus Ryan Donato in neutral zone.
15:00 of 3rd period - Charlie McAvoy is hit by Kevin Shattenkirk and loses puck.
15:22 of 3rd period - Off-side.
15:23 of 3rd period - David Krejci wins face-off versus Mika Zibanejad in neutral zone.
16:31 of 3rd period - Matt Grzelcyk is hit by Kevin Shattenkirk and loses puck.
16:40 of 3rd period - Snap shot by Arthur Kaliyev.
16:40 of 3rd period - Shot Misses the Net.
16:47 of 3rd period - Icing by Matt Grzelcyk.
16:48 of 3rd period - Matthew Boldy wins face-off versus Curtis Hall in Boston Bruins zone.
17:01 of 3rd period - Wrist shot by Curtis Hall.
17:01 of 3rd period - Shot Misses the Net.
19:25 of 3rd period - Wrist shot by Josh Bailey.
19:25 of 3rd period - Goal by Josh Bailey - Boston Bruins : 3 - Detroit Red Wings : 7.
19:26 of 3rd period - Steven Stamkos wins face-off versus Pavel Zacha in neutral zone.
19:51 of 3rd period - John-Jason Peterka is hit by Shayne Gostisbehere and loses puck.
Goals for this period are 2 for Boston Bruins vs 2 for Detroit Red Wings.
Shots for this period are 5 for Boston Bruins vs 7 for Detroit Red Wings.
Back to the Top